 Dungeon Crawl Stone Soup version 0.17.1-2-g5865329 (webtiles) character file.

22 Lonerover the Ducker (level 2, -6/14 HPs)
             Began as a Felid Berserker on Jan 27, 2016.
             Was a Believer of Trog.
             Killed from afar by Ijyb (7 damage)
             ... with a wand of magic darts
             ... on level 2 of the Dungeon.
             The game lasted 00:04:14 (1322 turns).

Lonerover the Ducker (Felid Berserker)              Turns: 1322, Time: 00:04:14

Health: -6/14      AC:  1    Str: 13    XL:     2   Next: 68%
Magic:  3/3        EV: 19    Int:  8    God:    Trog [**....]
Gold:   29         SH:  0    Dex: 15    Spells: 0 memorised, 1 level left
                                        Lives:  0   Deaths: 0

rFire  . . .     SeeInvis +       - Unarmed
rCold  . . .     Clarity  .     (armour unavailable)
rNeg   . . .     SustAt   .     (shield unavailable)
rPois  .         Gourm    .     (helmet unavailable)
rElec  .         Spirit   .     (cloak unavailable)
rCorr  .         Warding  .     (gloves unavailable)
rMut   .         Stasis   .     (boots unavailable)
MR     .....                    (no amulet)
Stlth  ++........               (no ring)
                                (no ring)

@: quick, not resistant to hostile enchantments, unstealthy
A: no armour, no weapons or thrown items, claws 1, fangs 3, see invisible,
carnivore 3, speed 1, shaggy fur 1, slow metabolism 1, sharp paws
a: Berserk, Trog's Hand, Burn Spellbooks, Renounce Religion


You were on level 2 of the Dungeon.
You worshipped Trog.
Trog was pleased with you.
You were completely stuffed.

You visited 1 branch of the dungeon, and saw 2 of its levels.

You collected 29 gold pieces.

Inventory:

Missiles
 b - 25 poisoned needles
Scrolls
 c - 2 scrolls of magic mapping {unknown}
 e - 6 scrolls of identify {unknown}
 h - a scroll of teleportation {unknown}
Potions
 d - 2 potions of heal wounds
 f - 2 potions of might {unknown}
 g - a potion of invisibility {unknown}
 j - a potion of curing {unknown}
Comestibles
 a - 2 meat rations
 i - a chunk of flesh
 k - a beef jerky


   Skills:
 + Level 3.3 Fighting
 + Level 4.6 Dodging
 + Level 0.8 Stealth
 + Level 3.2 Unarmed Combat


You had one spell level left.
You didn't know any spells.

Dungeon Overview and Level Annotations

Branches:
Dungeon (2/15)

Altars:

Annotations:
D:2 Ijyb


Innate Abilities, Weirdness & Mutations

You cannot wear armour.
You are incapable of wielding weapons or throwing items.
You have sharp claws.
You have razor-sharp teeth.
You have supernaturally acute eyesight.
You are carnivorous and can eat meat at any time.
You cover ground quickly.
You are covered in fur (AC +1).
You have a slow metabolism.
Your sharp claws are effective at attacking unaware monsters.


Message History

You are too injured to fight recklessly!
You are too injured to fight recklessly!
You are too injured to fight recklessly!
You are too injured to fight recklessly!
You are too injured to fight recklessly!
You are too injured to fight recklessly!
You are too injured to fight recklessly!
You are too injured to fight recklessly!
You are too injured to fight recklessly!
You are too injured to fight recklessly!
Press: ? - help, v - describe, . - travel, g - get item
Here: Ijyb, carrying a wand of magic darts {zapped: 2} (lightly wounded)
A dagger.
There is something else lying underneath.
The floor.
You closely miss Ijyb.
Ijyb is lightly wounded.
Ijyb zaps a wand.
The magic dart hits you!
Ouch! That really hurt!
You die...

#.# #+## ... ##...##
#.#### ##.....##
#.##.## ##.......##
####.#...####.%.......#
............'...!.....+
####.#...####.........#
#.##.## ##.......#
#.#### ##.@g..## #..
##...## ### ##+##


You could see Ijyb.

Vanquished Creatures
  A giant cockroach (D:1)
  3 hobgoblins
  2 jackals (D:1)
  4 bats (D:1)
  A giant gecko (D:1)
  2 giant newts (D:2)
  5 goblins
  2 kobolds (D:1)
  2 rats
22 creatures vanquished.

Notes
Turn   | Place    | Note
--------------------------------------------------------------
     0 | D:1      | Lonerover the Felid Berserker began the quest for the Orb.
     0 | D:1      | Reached XP level 1. HP: 10/10 MP: 2/2
   454 | D:1      | Reached XP level 2. HP: 8/14 MP: 3/3
  1195 | D:2      | Reached ** piety under Trog
  1313 | D:2      | Noticed Ijyb
  1322 | D:2      | Killed from afar by Ijyb

Action                   || total
-------------------------++-------
Melee: Unarmed           ||    64
Invok: Berserk           ||     1
  Use: Potion            ||     1
 Stab: Sleeping          ||     4
  Eat: Chunk             ||     9
